 Dungeon Crawl Stone Soup version 0.30-a0-591-g3c58d2bc28 (webtiles) character file.

Game seed: 2377986730331344138

98 OTABOTABOTAB the Insei (level 4, -3/35 HPs)
             Began as a Draconian Transmuter on Jan 6, 2023.
             Slain by an orc
             ... wielding a +0 mace
              (4 damage)
             ... on level 3 of the Dungeon.
             The game lasted 00:04:35 (1591 turns).

OTABOTABOTAB the Insei (Draconian Transmuter)       Turns: 1591, Time: 00:04:35

Health: -3/35      AC:  5    Str: 11    XL:     4   Next: 43%
Magic:  6/7        EV: 12    Int: 19    God:
Gold:   107        SH:  0    Dex: 11    Spells: 1/7 levels left

rFire   . . .      SeeInvis .      - Unarmed
rCold   . . .      Faith    .    (no shield)
rNeg    . . .      Spirit   .    (body armour unavailable)
rPois   .          Reflect  .    (helmet restricted)
rElec   .          Harm     .    (no cloak)
rCorr   .          Rampage  .    (no gloves)
Will    .....                    (no boots)
Stlth   +                        (no amulet)
HPRegen 0.25/turn                (no ring)
MPRegen 0.10/turn                (no ring)

@: flying, hasted, very quick
A: AC +5, unfitting armour, cold-blooded, big wings, clever 1, wild magic 1, no
potion heal 1
a: no special abilities


You were on level 3 of the Dungeon.
You visited 1 branch of the dungeon, and saw 3 of its levels.

You collected 107 gold pieces.

Inventory:

Missiles
 f - 4 poisoned darts
 s - 19 stones
Scrolls
 a - a scroll of vulnerability {unknown}
 b - a scroll of identify {unknown}
 d - a scroll of amnesia {unknown}
 e - a scroll of fear {unknown}
 h - a scroll of noise {unknown}
Potions
 J - a potion of curing {@q1}
 P - 2 potions of lignification {!q}
 U - a potion of mutation {!q}


   Skills:
 - Level 1.1 Fighting
 - Level 1.7 Dodging
 + Level 3.8 Unarmed Combat
 - Level 2.0 Spellcasting
 + Level 3.0 Transmutations
 - Level 0.9 Ice Magic
 + Level 2.0 Poison Magic


You had one spell level left.
You knew the following spells:

 Your Spells              Type           Power      Damage    Failure   Level
a - Beastly Appendage     Tmut           34%        N/A       8%          1
b - Wereblood             Tmut           17%        N/A       11%         2
c - Spider Form           Tmut/Pois      15%        N/A       24%         3

Your spell library contained the following spells:

 Spells                   Type           Power      Damage    Failure   Level
 Magic Dart               Conj           8%         1d3       24%         1
 Call Imp                 Summ           2%         N/A       34%         2
 Mephitic Cloud           Conj/Pois/Air  5%         N/A       45%         3
 Dazzling Flash           Conj/Hex       4%         N/A       54%         3
 Ice Form                 Ice/Tmut       12%        N/A       67%         4
 Iskenderun's Mystic Bla  Conj/Tloc      2%         2d3       90%         4
 Starburst                Conj/Fire      1%         6d3       100%        6


Dungeon Overview and Level Annotations

Branches:
Dungeon (3/15)

Altars:


Innate Abilities, Weirdness & Mutations

Your plain brown scales are hard. (AC +5)
You cannot fit into any form of body armour.
You are cold-blooded and may be slowed by cold attacks.
Your large and strong wings let you fly.
Your mind is acute. (Int +4, Str/Dex -1)
Your spells are a little harder to cast, but a little more powerful.
Potions are less effective at restoring your health.


Message History

You are very lightly contaminated with residual magic.
Nothing appears to happen.
You feel sick. The adder completely misses you.
You take 2 damage, and have 26/35 hp.
You now have 5/7 mp.
You miss the adder. You punch the adder.
You kill the adder!
You feel sick.
You take 1 damage, and have 25/35 hp.
You closely miss the giant cockroach. You headbutt the giant cockroach.
You feel sick.
The giant cockroach bites you but does no damage.
You take 1 damage, and have 24/35 hp.
You hit the giant cockroach but do no damage.
You claw the giant cockroach.
You kill the giant cockroach!
You feel sick.
You take 1 damage, and have 23/35 hp.
You closely miss something.
Your horns disappear.
Your talons disappear.
You feel sick.
The orc throws a boomerang.
The boomerang hits you but does no damage.
Something hits you but does no damage.
You closely miss something.
You feel sick.
You are no longer poisoned.
You hear some strange, mumbled words.
You are confused.
You take 1 damage, and have 22/35 hp.
You're too confused to attack without stumbling around!
You bump into the rock wall.
Something hits you but does no damage.
You hit something. Your punch misses something.
You hear some strange, mumbled words.
A magic dart appears from out of thin air!
The magic dart hits you!
Your magical contamination has completely faded away.
You take 8 damage, and have 14/35 hp.
MASSIVE DAMAGE!!
You closely miss something.
You bump into the rock wall.
The orc throws a boomerang.
The boomerang hits you but does no damage.
Something hits you but does no damage. The orc hits you with a +0 mace.
Something hits you.
Things that are here:
a scroll labelled DUALUAGHUWE; an adder corpse You take 3 damage, and have 12/35 hp.
You bump into the rock wall.
The orc hits you with a +0 mace. Something hits you.
* * * LOW HITPOINT WARNING * * *
You take 2 damage, and have 10/35 hp.
You bump into the rock wall.
You feel less confused.
An orc wizard appears from thin air!
Reactivating autopickup.
The orc hits you with a +0 mace.
* * * LOW HITPOINT WARNING * * *
The orc wizard barely misses you.
You take 4 damage, and have 6/35 hp.
It was a potion of mutation.
You feel extremely strange.
You feel clever.
Your system partially rejects the healing effects of potions.
Your regeneration stops near monsters.
Your bones become slightly less dense.
U - 2 potions of mutation The orc barely misses you.
The orc wizard casts a spell at you.
You are confused.
It was a potion of haste.
You feel yourself speed up. The orc hits you with a +0 mace.
* * * LOW HITPOINT WARNING * * *
The orc wizard gestures at you while chanting.
The puff of flame misses you.
You take 1 damage, and have 5/35 hp.
It was a potion of curing.
Your system partially rejects the healing.
You feel better.
J - a potion of curing The orc wizard hits you but does no damage.
The orc closely misses you.
You regained 2 hp, and now have 7/35 hp.
You closely miss the orc wizard. You hit the orc wizard.
The orc barely misses you.
The orc wizard hits you but does no damage.
You hit the orc wizard. The orc hits you with a +0 mace.
* * * LOW HITPOINT WARNING * * *
The orc wizard hits you with a +0 dagger.
* * * LOW HITPOINT WARNING * * *
You take 4 damage, and have 3/35 hp.
Really quaff
U - 2 potions of mutation {!q}?
Really quaff the potion of mutation?
You feel extremely strange.
You begin to regenerate regardless of the presence of monsters.
Your skeletal structure returns to normal.
Your wings grow larger and stronger.
You feel less in control of your magic.
You hit the orc.
Your tail-slap misses the orc.
A bat comes into view.
The orc closely misses you.
The orc wizard hits you with a +0 dagger.
* * * LOW HITPOINT WARNING * * *
The bat moves out of view.
You take 2 damage, and have 1/35 hp.
Unknown command.
You barely miss the orc. The orc hits you with a +0 mace.
You die...

...... ..... #.b..
#.#.# #.#)#
...###.#.########..
...................
.......#o#.........
##.#####@#.#######.
#...o.#.#.....#
#.#####.#.###.#
#.#<# #.# #.#####.#
#.......# #########


You could see an orc wizard, an orc and a bat (wandering).

Vanquished Creatures
  Terence (D:2)
  3 adders
  2 dart slugs
  An orc (D:3)
  3 ball pythons
  3 bats
  5 endoplasms
  2 giant cockroaches
  4 hobgoblins
  4 jackals (D:2)
  A quokka (D:1)
  4 frilled lizards
  2 kobolds
  6 rats
41 creatures vanquished.

Notes
Turn   | Place    | Note
-------+----------+-------------------------------------------
     0 | D:1      | OTABOTABOTAB the Draconian Transmuter began the quest for
                  | the Orb.
     0 | D:1      | Reached XP level 1. HP: 16/16 MP: 3/3
   258 | D:1      | Reached XP level 2. HP: 23/23 MP: 3/5
   847 | D:2      | Reached skill level 1 in Poison Magic
   986 | D:2      | Reached XP level 3. HP: 27/28 MP: 4/6
  1374 | D:2      | Noticed Terence
  1393 | D:2      | Killed Terence
  1394 | D:2      | Reached XP level 4. HP: 20/35 MP: 7/7
  1469 | D:2      | Reached skill level 3 in Transmutations
  1469 | D:2      | Reached skill level 2 in Poison Magic
  1477 | D:2      | Learned a level 2 spell: Wereblood
  1481 | D:2      | Learned a level 3 spell: Spider Form
  1582 | D:3      | HP: 6/35 [orc/+0 mace (5)]
  1583 | D:3      | Gained mutation: Your mind is acute. (Int +4, Str/Dex -1)
                  | [potion of mutation]
  1583 | D:3      | Gained mutation: Potions are less effective at restoring
                  | your health. [potion of mutation]
  1583 | D:3      | Gained mutation: You do not regenerate when monsters are
                  | visible. [potion of mutation]
  1583 | D:3      | Gained mutation: You have a somewhat thin skeletal
                  | structure. (Dex +2, Stealth+) [potion of mutation]
  1588 | D:3      | HP: 4/35 [orc/+0 mace (3)]
  1589 | D:3      | Lost mutation: You do not regenerate when monsters are
                  | visible. [potion of mutation]
  1589 | D:3      | Lost mutation: You have a somewhat thin skeletal structure.
                  | (Dex +2, Stealth+) [potion of mutation]
  1589 | D:3      | Gained mutation: Your large and strong wings let you fly.
                  | [potion of mutation]
  1589 | D:3      | Gained mutation: Your spells are a little harder to cast,
                  | but a little more powerful. [potion of mutation]
  1590 | D:3      | HP: 1/35 [orc wizard/+0 dagger (2)]
  1591 | D:3      | Slain by an orc

Illustrated notes

Levels and vault maps discovered:
D:1:      minmay_arrival_wavy_path, layout_basic, serial_bayou_pond_a,
          serial_bayou_crossing
D:2:      layout_rooms, serial_park_tiny_2, uniq_terence
D:3:      layout_basic, pdpol_temple_overflow_zin_treasury_gozag_greed,
          shapermc_ecumenical_altar_ellora, uniq_sigmund, uniq_grinder

Skill      XL: |  1  2  3  4 |
---------------+-------------+-----
Poison Magic   | 1 2 |  2.0
Transmutations | 3 |  3.0
Fighting       | |  1.1
Dodging        | |  1.7
Unarmed Combat | |  3.8
Spellcasting   | |  2.0
Ice Magic      | |  0.9

Action                   |  1- 3 |  4- 6 || total
-------------------------+-------+-------++-------
Melee: Unarmed           |   111 |    22 ||   133
       Tailslap          |    13 |     1 ||    14
       Headbutt          |    11 |     2 ||    13
       Kick              |    14 |     2 ||    16
       Punch             |     1 |     1 ||     2
Throw: Stone             |     5 |       ||     5
 Cast: Beastly Appendage |    14 |     1 ||    15
 Abil: End Transformatio |     7 |     1 ||     8
  Use: Potion            |       |     4 ||     4
Armor: Skin              |    35 |    16 ||    51
Dodge: Dodged            |    63 |    14 ||    77

Table legend: (Time is in decaauts)
 A = Elapsed time spent in this place.
 B = Non-inter-level travel time spent in this place.
 C = Inter-level travel time spent in this place.
 D = Time resting spent in this place.
 E = Time spent auto-exploring this place.
 F = Levels seen in this place.
 G = Mean time per level.
                   A        B        C        D        E       F      G
               +--------+--------+--------+--------+--------+-----+--------+
         Total |   1591 |   1555 |     36 |     59 |   1196 |   3 |  530.3 |
       Dungeon |   1591 |   1555 |     36 |     59 |   1196 |   3 |  530.3 |
               +--------+--------+--------+--------+--------+-----+--------+

Top non-repeatable levels by time:
     D:1: 848 daAuts
     D:2: 685 daAuts
     D:3: 57 daAuts

Table legend:
 A = Kills in this place as a percentage of kills in entire the game.
 B = Kills by you in this place as a percentage of kills by you in the entire game.
 C = Kills by friends in this place as a percentage of kills by friends in the entire game.
 D = Other kills in this place as a percentage of other kills in the entire game.
 E = Experience gained in this place as a percentage of experience gained in the entire game.
 F = Experience gained in this place divided by the number of levels of this place that you have seen.
                   A       B       C       D       E      F
               +-------+-------+-------+-------+-------+----------------------
         Total | 100.0 | 100.0 |   N/A |   N/A | 100.0 |  46.7
       Dungeon | 100.0 | 100.0 |   N/A |   N/A | 100.0 |  46.7
               +-------+-------+-------+-------+-------+----------------------
